 Dungeon Crawl Stone Soup version 0.30-a0-737-gf23d94013f (webtiles) character file.

Game seed: 15600497766650968637

88 mopl the Cudgeller (level 4, -2/45 HPs)
             Began as an Ogre Gladiator on Feb 2, 2023.
             Slain by an orc
             ... wielding a +0 flail
              (6 damage)
             ... on level 3 of the Dungeon.
             The game lasted 00:01:55 (1674 turns).

mopl the Cudgeller (Ogre Gladiator)                 Turns: 1674, Time: 00:01:56

Health: -2/45      AC:  3    Str: 18    XL:     4   Next: 54%
Magic:  4/4        EV: 10    Int:  9    God:
Gold:   101        SH:  0    Dex: 12    Spells: 3/3 levels left

rFire   . . .      SeeInvis .    a - +0 flail
rCold   . . .      Faith    .    (no shield)
rNeg    . . .      Spirit   .    b - +0 robe
rPois   .          Reflect  .    c - +0 hat
rElec   .          Harm     .    (no cloak)
rCorr   .          Rampage  .    (gloves unavailable)
Will    .....                    (boots unavailable)
Stlth   +                        (no amulet)
HPRegen 0.27/turn                (no ring)
MPRegen 0.09/turn                (no ring)

@: no status effects
A: large, unfitting armour, tough skin 1
a: no special abilities


You were on level 3 of the Dungeon.
You visited 1 branch of the dungeon, and saw 3 of its levels.

You collected 101 gold pieces.

Inventory:

Hand Weapons
 a - a +0 flail (weapon)
Missiles
 d - 3 throwing nets
 e - a large rock
 j - 19 stones (quivered)
Armour
 b - a +0 robe (worn)
 c - a +0 hat (worn)
Scrolls
 i - 5 scrolls of magic mapping {unknown}
 k - 3 scrolls of vulnerability {unknown}
 m - 4 scrolls of identify {unknown}
 n - a scroll of teleportation {unknown}
 p - a scroll of immolation {unknown}
Potions
 f - a potion of magic {unknown}
 g - a potion of ambrosia {unknown}
 h - a potion of lignification {unknown}
 l - a potion of might {unknown}
 o - a potion of brilliance {unknown}
 q - a potion of attraction {unknown}
 r - a potion of curing {unknown}
 s - a potion of cancellation {unknown}


   Skills:
 + Level 3.4 Fighting
 * Level 3.4 Maces & Flails
 + Level 2.5 Throwing
 + Level 1.1 Armour
 + Level 3.2 Dodging


You had 3 spell levels left.
You didn't know any spells.
Your spell library contained the following spells:

 Spells                   Type           Power      Damage    Failure   Level
 Ensorcelled Hibernation  Hex/Ice        0%         N/A       52%         2
 Passwall                 Tmut/Erth      0%         N/A       52%         2
 Swiftness                Air            0%         N/A       77%         3


Dungeon Overview and Level Annotations

Branches:
Dungeon (3/15)

Altars:


Innate Abilities, Weirdness & Mutations

You are too large for most types of armour.
You have tough skin. (AC +1)


Message History

The orc hits you with a +0 whip.
You hit the orc.
The orc is severely wounded.
The orc hits you with a +0 flail. The orc hits you with a +0 whip.
You hit the orc but do no damage.
The orc is severely wounded.
The orc closely misses you. The orc barely misses you.
You sock the orc!
You kill the orc!
The orc closely misses you. x2
You hit the orc.
The orc is heavily wounded.
The orc barely misses you. The orc hits you with a +0 flail.
You hit the orc but do no damage.
The orc is heavily wounded.
The orc hits you with a +0 flail. The orc hits you with a +0 flail!
* * * LOW HITPOINT WARNING * * *
You are too injured to fight recklessly!
You are too injured to fight recklessly!
You are too injured to fight recklessly!
You are too injured to fight recklessly!
You are too injured to fight recklessly!
You are too injured to fight recklessly!
You are too injured to fight recklessly!
You are too injured to fight recklessly!
You are too injured to fight recklessly!
You are too injured to fight recklessly!
You are too injured to fight recklessly!
You are too injured to fight recklessly!
You are too injured to fight recklessly!
You are too injured to fight recklessly!
You are too injured to fight recklessly!
You barely miss the orc.
The orc is heavily wounded.
The orc closely misses you. The orc hits you with a +0 flail.
* * * LOW HITPOINT WARNING * * *
You barely miss the orc.
The orc is heavily wounded.
The orc misses you. The orc hits you with a +0 flail.
You die...

#..r........
#...........
#...........
#.........
#........ ..
#......##..o
#...........
#.)....#
#.o@o..#
#......#
#......#
#......#
########


You could see 2 orcs.

Vanquished Creatures
  An orc priest (D:2)
  2 worms (D:2)
  2 orcs
  7 ball pythons
  A bat (D:2)
  2 endoplasms
  5 giant cockroaches
  4 goblins
  2 hobgoblins (D:1)
  3 jackals
  6 kobolds
  6 frilled lizards
  8 rats
49 creatures vanquished.

Notes
Turn   | Place    | Note
-------+----------+-------------------------------------------
     0 | D:1      | mopl the Ogre Gladiator began the quest for the Orb.
     0 | D:1      | Reached XP level 1. HP: 22/22 MP: 1/1
   198 | D:1      | Reached XP level 2. HP: 27/29 MP: 2/2
   334 | D:1      | Found a faded altar of an unknown god.
   353 | D:1      | Reached skill level 3 in Fighting
   370 | D:1      | Reached skill level 3 in Maces & Flails
   604 | D:1      | Reached XP level 3. HP: 37/37 MP: 3/3
   756 | D:2      | Reached skill level 3 in Dodging
  1433 | D:2      | Reached skill level 1 in Armour
  1565 | D:2      | Reached XP level 4. HP: 27/45 MP: 4/4
  1674 | D:3      | Slain by an orc

Illustrated notes

Levels and vault maps discovered:
D:1:      psy_arrival_heroes, layout_basic, basic_ecumenical_altar,
          dk_noncrumbling_2, minmay_pentomino_z2
D:2:      layout_basic, grunt_decor_one_mirror
D:3:      layout_basic

Skill      XL: |  1  2  3 |
---------------+----------+-----
Fighting       | 3 |  3.4
Maces & Flails | 3 |  3.4
Dodging        | 3 |  3.2
Armour         | 1 |  1.1
Throwing       | |  2.5

Action                     |  1- 3 |  4- 6 || total
---------------------------+-------+-------++-------
  Melee: Flail             |   125 |    13 ||   138
  Throw: Stone             |     1 |       ||     1
   Stab: Sleeping          |     1 |       ||     1
 Armour: Robe              |    52 |     1 ||    53
  Dodge: Dodged            |    73 |    12 ||    85

Table legend: (Time is in decaauts)
 A = Elapsed time spent in this place.
 B = Non-inter-level travel time spent in this place.
 C = Inter-level travel time spent in this place.
 D = Time resting spent in this place.
 E = Time spent auto-exploring this place.
 F = Levels seen in this place.
 G = Mean time per level.
                   A        B        C        D        E       F      G
               +--------+--------+--------+--------+--------+-----+--------+
         Total |   1710 |   1628 |     82 |    176 |   1103 |   3 |  570.0 |
       Dungeon |   1710 |   1628 |     82 |    176 |   1103 |   3 |  570.0 |
               +--------+--------+--------+--------+--------+-----+--------+

Top non-repeatable levels by time:
     D:2: 992 daAuts
     D:1: 694 daAuts
     D:3: 22 daAuts
